[ AOE2 MATCH · #466218148 ]
UnrankedBurgundians vs Cumans
[ REPLAY ANALYSIS · EXTRACTED FROM THE RECORDED GAME ]
Feudal
14:07
Castle
25:33
Imperial
—
| APM avg | 5.4 |
| APM peak | 24 |
| eAPM avg | 3.7 |
| Villagers / military | 27 / 0 |
Focus
⚔️ 13.4% · 🌾 86.6%
Feudal
14:18
Castle
—
Imperial
—
| APM avg | 6.6 |
| APM peak | 29 |
| eAPM avg | 3.9 |
| Villagers / military | 24 / 0 |
Focus
⚔️ 4.5% · 🌾 95.5%
Feudal
—
Castle
—
Imperial
—
| APM avg | 16.4 |
| APM peak | 53 |
| eAPM avg | 7.4 |
| Villagers / military | 29 / 19 |
Focus
⚔️ 27.1% · 🌾 72.9%
Skirmisher ×13 · Spearman ×4 · Fishing Ship ×4 · Scout Cavalry ×2
Feudal
—
Castle
—
Imperial
—
| APM avg | 0.1 |
| APM peak | 3 |
| eAPM avg | 0.1 |
| Villagers / military | 0 / 0 |
Feudal
14:59
Castle
—
Imperial
—
| APM avg | 15.7 |
| APM peak | 78 |
| eAPM avg | 8.4 |
| Villagers / military | 48 / 33 |
Focus
⚔️ 24.4% · 🌾 75.6%
Scout Cavalry ×30 · Militia ×3 · Fishing Ship ×1
Feudal
—
Castle
—
Imperial
—
| APM avg | 0.3 |
| APM peak | 7 |
| eAPM avg | 0.3 |
| Villagers / military | 0 / 0 |
Feudal
15:36
Castle
19:58
Imperial
—
| APM avg | 11.7 |
| APM peak | 46 |
| eAPM avg | 7.1 |
| Villagers / military | 52 / 4 |
Focus
⚔️ 5.3% · 🌾 94.7%
Jaguar Warrior ×4
Feudal
—
Castle
—
Imperial
—
| APM avg | 0.0 |
| APM peak | 1 |
| eAPM avg | 0.0 |
| Villagers / military | 0 / 0 |
Match map
Initial resources + every placement click. Lines = walls · curves = elevation contours. ◆ gold · ⬟ stone · ● berries · ✦ relic · ◌ wall gap
Inputs per minute
— fernando - - mleitner
Build order — fernando
69 actions detected in the replay
| 0:11 | Build | House |
| 0:13 | Build | House |
| 0:25 | Create | Villager (Male) |
| 0:25 | Create | Villager (Male) |
| 0:25 | Create | Villager (Male) |
| 0:26 | Create | Villager (Male) |
| 0:26 | Create | Villager (Male) |
| 1:27 | Build | Lumber Camp |
| 2:51 | Create | Villager (Male) |
| 2:51 | Create | Villager (Male) |
| 2:52 | Create | Villager (Male) |
| 4:13 | Create | Villager (Male) |
| 4:13 | Create | Villager (Male) |
| 4:14 | Create | Villager (Male) |
| 4:14 | Create | Villager (Male) |
| 4:59 | Build | House |
| 5:00 | Build | House |
| 6:12 | Create | Villager (Male) |
| 6:12 | Create | Villager (Male) |
| 6:12 | Create | Villager (Male) |
| 8:23 | Create | Villager (Male) |
| 8:23 | Create | Villager (Male) |
| 8:48 | Build | Mill |
| 8:52 | Create | Villager (Male) |
| 8:52 | Create | Villager (Male) |
| 11:57 | Research | Feudal Age |
| 13:21 | Research | Double-Bit Axe |
| 14:07 | Age | Feudal Age |
| 14:17 | Create | Villager (Male) |
| 14:17 | Create | Villager (Male) |
| 14:17 | Create | Villager (Male) |
| 14:18 | Create | Villager (Male) |
| 14:18 | Create | Villager (Male) |
| 14:59 | Build | House |
| 15:08 | Build | Market |
| 15:10 | Build | Market |
| 15:19 | Build | Farm |
| 15:44 | Build | Blacksmith |
| 16:20 | Build | Farm |
| 16:27 | Build | Farm |
| 16:49 | Build | Farm |
| 16:53 | Build | Farm |
| 16:58 | Build | Farm |
| 17:02 | Build | Farm |
| 17:05 | Build | Farm |
| 17:10 | Build | Farm |
| 17:13 | Build | Farm |
| 17:16 | Build | Farm |
| 18:17 | Build | Mining Camp |
| 18:25 | Build | Farm |
| 22:53 | Research | Castle Age |
| 24:46 | Build | Barracks |
| 25:33 | Age | Castle Age |
| 25:48 | Build | Stable |
| 25:49 | Build | Stable |
| 25:50 | Build | Stable |
| 25:53 | Build | Stable |
| 25:55 | Build | Stable |
| 25:56 | Build | Stable |
| 25:59 | Build | Stable |
| 26:01 | Build | Stable |
| 26:03 | Create | Villager (Male) |
| 26:04 | Create | Villager (Male) |
| 26:04 | Create | Villager (Male) |
| 26:33 | Research | Scale Barding Armor |
| 26:34 | Research | Forging |
| 27:25 | Research | Horse Collar |
| 27:27 | Research | Loom |
| 27:28 | Research | Wheelbarrow |
Build order — mleitner
47 actions detected in the replay
| 0:01 | Create | Villager (Male) |
| 0:01 | Create | Villager (Male) |
| 0:03 | Build | House |
| 0:06 | Build | House |
| 2:02 | Create | Villager (Male) |
| 2:03 | Create | Villager (Male) |
| 2:25 | Create | Villager (Male) |
| 2:29 | Create | Villager (Male) |
| 2:58 | Create | Villager (Male) |
| 3:05 | Build | Lumber Camp |
| 3:31 | Create | Villager (Male) |
| 3:59 | Create | Villager (Male) |
| 4:12 | Build | House |
| 5:13 | Create | Villager (Male) |
| 5:14 | Create | Villager (Male) |
| 5:37 | Build | House |
| 6:33 | Build | Palisade Wall |
| 6:38 | Create | Villager (Male) |
| 6:40 | Create | Villager (Male) |
| 7:24 | Create | Villager (Male) |
| 7:28 | Create | Villager (Male) |
| 8:14 | Build | House |
| 8:38 | Create | Villager (Male) |
| 9:01 | Build | Palisade Wall |
| 9:11 | Build | Mill |
| 9:13 | Create | Villager (Male) |
| 9:14 | Create | Villager (Male) |
| 9:33 | Create | Villager (Male) |
| 9:42 | Create | Villager (Male) |
| 10:16 | Build | Mining Camp |
| 10:42 | Build | House |
| 10:56 | Build | Palisade Wall |
| 11:41 | Build | Mill |
| 11:43 | Create | Villager (Male) |
| 11:45 | Research | Feudal Age |
| 11:46 | Research | Loom |
| 12:27 | Build | House |
| 12:29 | Build | House |
| 12:30 | Build | House |
| 12:32 | Build | House |
| 12:35 | Build | House |
| 12:36 | Build | House |
| 13:56 | Build | Barracks |
| 14:18 | Age | Feudal Age |
| 14:19 | Create | Villager (Male) |
| 14:20 | Create | Villager (Male) |
| 14:21 | Create | Villager (Male) |
Build order — Stoskraw
95 actions detected in the replay
| 0:50 | Create | Villager (Male) |
| 0:51 | Create | Villager (Male) |
| 1:23 | Build | Lumber Camp |
| 2:52 | Build | Palisade Wall |
| 3:13 | Create | Villager (Male) |
| 3:14 | Create | Villager (Male) |
| 3:14 | Create | Villager (Male) |
| 3:14 | Create | Villager (Male) |
| 3:17 | Research | Loom |
| 4:05 | Create | Villager (Male) |
| 4:06 | Create | Villager (Male) |
| 5:24 | Create | Villager (Male) |
| 5:24 | Create | Villager (Male) |
| 5:24 | Create | Villager (Male) |
| 6:22 | Create | Villager (Male) |
| 6:22 | Create | Villager (Male) |
| 6:47 | Build | House |
| 6:49 | Build | House |
| 6:51 | Build | House |
| 6:52 | Build | House |
| 6:58 | Create | Villager (Male) |
| 6:58 | Create | Villager (Male) |
| 9:30 | Build | Mill |
| 9:56 | Create | Villager (Male) |
| 9:56 | Create | Villager (Male) |
| 10:42 | Research | Feudal Age |
| 11:03 | Build | Building 796 |
| 11:17 | Create | Villager (Male) |
| 11:18 | Create | Villager (Male) |
| 11:29 | Build | Dock |
| 11:51 | Build | Mining Camp |
| 13:30 | Build | Stone Wall |
| 13:44 | Create | Fishing Ship |
| 13:45 | Create | Fishing Ship |
| 13:58 | Create | Villager (Male) |
| 13:59 | Create | Villager (Male) |
| 14:07 | Build | Market |
| 14:16 | Build | Blacksmith |
| 14:31 | Build | Building 490 |
| 14:43 | Research | Double-Bit Axe |
| 14:58 | Build | Barracks |
| 16:22 | Research | Town Watch |
| 16:30 | Create | Villager (Male) |
| 16:30 | Create | Villager (Male) |
| 16:42 | Build | Mining Camp |
| 16:55 | Research | Arson |
| 17:21 | Create | Spearman |
| 17:21 | Create | Spearman |
| 17:33 | Build | Archery Range |
| 17:37 | Build | Archery Range |
| 17:49 | Build | Archery Range |
| 18:03 | Create | Skirmisher |
| 18:03 | Create | Skirmisher |
| 18:04 | Create | Skirmisher |
| 18:13 | Create | Skirmisher |
| 18:22 | Create | Spearman |
| 18:22 | Create | Spearman |
| 18:39 | Research | Scale Mail Armor |
| 18:40 | Research | Padded Archer Armor |
| 18:56 | Build | House |
| 18:58 | Build | House |
| 18:59 | Build | House |
| 19:01 | Build | House |
| 19:27 | Create | Skirmisher |
| 19:27 | Create | Skirmisher |
| 20:48 | Create | Skirmisher |
| 20:48 | Create | Skirmisher |
| 20:48 | Create | Skirmisher |
| 21:41 | Build | Stable |
| 21:42 | Build | Stable |
| 22:13 | Build | Lumber Camp |
| 22:17 | Create | Fishing Ship |
| 22:17 | Create | Fishing Ship |
| 22:35 | Create | Villager (Male) |
| 22:35 | Create | Villager (Male) |
| 22:35 | Create | Villager (Male) |
| 22:35 | Create | Villager (Male) |
| 23:05 | Create | Scout Cavalry |
| 23:25 | Create | Skirmisher |
| 23:25 | Create | Skirmisher |
| 23:25 | Create | Skirmisher |
| 23:26 | Create | Skirmisher |
| 24:23 | Create | Scout Cavalry |
| 24:38 | Build | Mining Camp |
| 24:47 | Build | Farm |
| 24:47 | Build | Farm |
| 24:48 | Build | Farm |
| 24:49 | Build | Farm |
| 25:01 | Build | House |
| 25:03 | Build | House |
| 25:05 | Build | House |
| 25:06 | Build | House |
| 25:24 | Create | Villager (Male) |
| 25:24 | Create | Villager (Male) |
| 27:19 | Build | Watch Tower |
Build order — In Diana Jones
0 actions detected in the replay
Build order — EL OG
134 actions detected in the replay
| 0:05 | Create | Villager (Male) |
| 0:05 | Create | Villager (Male) |
| 0:06 | Create | Villager (Male) |
| 0:06 | Create | Villager (Male) |
| 0:07 | Create | Villager (Male) |
| 0:19 | Build | House |
| 0:20 | Build | House |
| 0:21 | Build | House |
| 1:17 | Build | Palisade Wall |
| 1:27 | Research | Loom |
| 2:30 | Create | Villager (Male) |
| 2:30 | Create | Villager (Male) |
| 2:31 | Create | Villager (Male) |
| 2:55 | Build | Palisade Wall |
| 3:01 | Build | Palisade Wall |
| 3:07 | Create | Villager (Male) |
| 3:07 | Create | Villager (Male) |
| 4:29 | Create | Villager (Male) |
| 4:29 | Create | Villager (Male) |
| 4:29 | Create | Villager (Male) |
| 4:30 | Create | Villager (Male) |
| 4:43 | Build | Palisade Wall |
| 5:11 | Create | Villager (Male) |
| 5:11 | Create | Villager (Male) |
| 5:30 | Build | Lumber Camp |
| 5:36 | Create | Villager (Male) |
| 6:00 | Create | Villager (Male) |
| 6:09 | Build | House |
| 6:16 | Create | Villager (Male) |
| 6:50 | Create | Villager (Male) |
| 7:05 | Build | House |
| 7:10 | Create | Villager (Male) |
| 7:10 | Create | Villager (Male) |
| 8:07 | Build | Mill |
| 8:21 | Create | Villager (Male) |
| 8:21 | Create | Villager (Male) |
| 8:56 | Create | Villager (Male) |
| 8:57 | Create | Villager (Male) |
| 8:57 | Create | Villager (Male) |
| 9:17 | Build | Farm |
| 9:30 | Build | Dock |
| 9:41 | Build | Farm |
| 9:54 | Create | Villager (Male) |
| 9:54 | Create | Villager (Male) |
| 9:54 | Create | Villager (Male) |
| 10:07 | Build | Farm |
| 10:18 | Create | Villager (Male) |
| 10:24 | Build | Farm |
| 10:43 | Build | Farm |
| 10:56 | Build | Farm |
| 11:16 | Build | Farm |
| 11:18 | Create | Villager (Male) |
| 11:39 | Create | Villager (Male) |
| 11:47 | Build | Farm |
| 11:51 | Create | Villager (Male) |
| 12:26 | Research | Feudal Age |
| 12:33 | Build | Farm |
| 12:42 | Build | Building 804 |
| 13:19 | Build | Farm |
| 13:25 | Create | Fishing Ship |
| 13:35 | Build | House |
| 14:58 | Build | Barracks |
| 14:59 | Age | Feudal Age |
| 15:04 | Create | Villager (Male) |
| 15:04 | Create | Villager (Male) |
| 15:04 | Create | Villager (Male) |
| 15:37 | Research | Wheelbarrow |
| 15:37 | Research | Town Watch |
| 16:01 | Build | House |
| 16:21 | Build | Farm |
| 16:40 | Research | Double-Bit Axe |
| 16:42 | Create | Villager (Male) |
| 16:42 | Create | Villager (Male) |
| 16:53 | Build | House |
| 17:11 | Build | Farm |
| 17:13 | Create | Villager (Male) |
| 17:37 | Build | Stable |
| 18:30 | Build | Stable |
| 18:34 | Create | Scout Cavalry |
| 18:34 | Create | Scout Cavalry |
| 18:53 | Build | Stable |
| 19:01 | Build | Farm |
| 19:05 | Create | Villager (Male) |
| 19:05 | Create | Villager (Male) |
| 19:23 | Create | Scout Cavalry |
| 19:23 | Create | Scout Cavalry |
| 19:23 | Create | Scout Cavalry |
| 19:29 | Create | Scout Cavalry |
| 19:29 | Create | Scout Cavalry |
| 19:36 | Build | Stable |
| 19:50 | Create | Villager (Male) |
| 19:50 | Create | Villager (Male) |
| 20:37 | Build | House |
| 20:39 | Build | House |
| 20:40 | Build | House |
| 20:46 | Build | Lumber Camp |
| 20:50 | Create | Villager (Male) |
| 20:51 | Create | Villager (Male) |
| 21:03 | Build | House |
| 21:32 | Build | Blacksmith |
| 21:42 | Create | Villager (Male) |
| 22:14 | Build | Stable |
| 22:25 | Research | Forging |
| 22:26 | Research | Scale Mail Armor |
| 22:26 | Research | Scale Barding Armor |
| 22:31 | Create | Villager (Male) |
| 23:43 | Build | Fish Trap |
| 24:13 | Create | Scout Cavalry |
| 24:14 | Create | Scout Cavalry |
| 24:14 | Create | Scout Cavalry |
| 24:14 | Create | Scout Cavalry |
| 24:14 | Create | Scout Cavalry |
| 24:15 | Create | Scout Cavalry |
| 24:15 | Create | Scout Cavalry |
| 24:15 | Create | Scout Cavalry |
| 24:15 | Create | Scout Cavalry |
| 24:16 | Create | Scout Cavalry |
| 24:16 | Create | Scout Cavalry |
| 24:16 | Create | Scout Cavalry |
| 24:16 | Create | Scout Cavalry |
| 24:16 | Create | Scout Cavalry |
| 24:17 | Create | Scout Cavalry |
| 24:22 | Create | Scout Cavalry |
| 24:22 | Create | Scout Cavalry |
| 25:09 | Create | Scout Cavalry |
| 25:09 | Create | Scout Cavalry |
| 25:10 | Create | Scout Cavalry |
| 25:10 | Create | Scout Cavalry |
| 25:10 | Create | Scout Cavalry |
| 25:10 | Create | Scout Cavalry |
| 25:26 | Build | Watch Tower |
| 25:51 | Create | Militia |
| 25:52 | Create | Militia |
| 25:52 | Create | Militia |
Build order — Elite Savage
0 actions detected in the replay
Build order — Rasputitsa
84 actions detected in the replay
| 0:20 | Build | House |
| 0:21 | Build | House |
| 0:22 | Build | House |
| 0:24 | Create | Villager (Male) |
| 0:24 | Create | Villager (Male) |
| 0:25 | Create | Villager (Male) |
| 0:25 | Create | Villager (Male) |
| 0:25 | Create | Villager (Male) |
| 1:03 | Build | Palisade Wall |
| 1:17 | Build | House |
| 1:19 | Build | House |
| 2:46 | Build | Outpost |
| 3:11 | Create | Villager (Male) |
| 3:11 | Create | Villager (Male) |
| 3:48 | Create | Villager (Male) |
| 3:48 | Create | Villager (Male) |
| 4:34 | Create | Villager (Male) |
| 4:35 | Create | Villager (Male) |
| 5:08 | Create | Villager (Male) |
| 5:09 | Create | Villager (Male) |
| 6:02 | Create | Villager (Male) |
| 6:02 | Create | Villager (Male) |
| 6:02 | Create | Villager (Male) |
| 6:46 | Build | Mill |
| 6:48 | Create | Villager (Male) |
| 6:49 | Create | Villager (Male) |
| 6:49 | Create | Villager (Male) |
| 7:25 | Create | Villager (Male) |
| 7:25 | Create | Villager (Male) |
| 7:26 | Create | Villager (Male) |
| 7:26 | Create | Villager (Male) |
| 7:26 | Create | Villager (Male) |
| 7:49 | Create | Villager (Male) |
| 7:49 | Create | Villager (Male) |
| 8:32 | Create | Villager (Male) |
| 8:33 | Create | Villager (Male) |
| 8:33 | Create | Villager (Male) |
| 8:58 | Build | Lumber Camp |
| 9:44 | Create | Villager (Male) |
| 9:44 | Create | Villager (Male) |
| 9:44 | Create | Villager (Male) |
| 9:44 | Create | Villager (Male) |
| 10:07 | Create | Villager (Male) |
| 10:08 | Create | Villager (Male) |
| 10:20 | Build | Mining Camp |
| 11:30 | Create | Villager (Male) |
| 11:30 | Create | Villager (Male) |
| 13:26 | Research | Feudal Age |
| 13:26 | Research | Feudal Age |
| 14:24 | Build | Farm |
| 14:25 | Build | Farm |
| 14:27 | Build | Farm |
| 14:28 | Build | Farm |
| 14:30 | Build | Farm |
| 14:31 | Build | Farm |
| 14:34 | Build | Farm |
| 14:35 | Build | Farm |
| 15:36 | Age | Feudal Age |
| 16:18 | Build | Market |
| 16:26 | Build | Blacksmith |
| 17:06 | Research | Loom |
| 17:18 | Research | Castle Age |
| 17:18 | Research | Castle Age |
| 17:38 | Research | Horse Collar |
| 19:26 | Build | Mill |
| 19:58 | Age | Castle Age |
| 20:15 | Research | Loom |
| 20:23 | Build | Castle |
| 20:41 | Build | Town Center |
| 21:28 | Create | Villager (Male) ×5 |
| 21:33 | Create | Villager (Male) |
| 22:05 | Create | Villager (Male) ×5 |
| 22:16 | Research | Gold Mining |
| 22:16 | Research | Stone Mining |
| 22:24 | Research | Double-Bit Axe |
| 22:26 | Create | Villager (Male) |
| 22:26 | Create | Villager (Male) |
| 25:49 | Research | Imperial Age |
| 26:10 | Create | Jaguar Warrior |
| 26:11 | Create | Jaguar Warrior |
| 26:25 | Create | Villager (Male) |
| 26:25 | Create | Villager (Male) |
| 26:45 | Create | Jaguar Warrior |
| 26:46 | Create | Jaguar Warrior |
Build order — kin1990912
0 actions detected in the replay
Match timeline
| 0:01 | kin1990912 · resign |
| 1:03 | Rasputitsa · wall_segment Palisade Wall x13 |
| 1:17 | EL OG · wall_segment Palisade Wall x5 |
| 2:52 | Stoskraw · wall_segment Palisade Wall x11 |
| 2:55 | EL OG · wall_segment Palisade Wall x6 |
| 3:01 | EL OG · wall_segment Palisade Wall x6 |
| 4:43 | EL OG · wall_segment Palisade Wall x15 |
| 6:33 | mleitner · wall_segment Palisade Wall x11 |
| 9:01 | mleitner · wall_segment Palisade Wall x10 |
| 9:30 | EL OG · first_building Dock |
| 10:56 | mleitner · wall_segment Palisade Wall x9 |
| 11:29 | Stoskraw · first_building Dock |
| 13:30 | Stoskraw · wall_segment Stone Wall x14 |
| 13:56 | mleitner · first_building Barracks |
| 14:07 | fernando · age_up feudal |
| 14:18 | mleitner · age_up feudal |
| 14:58 | Stoskraw · first_building Barracks |
| 14:58 | EL OG · first_building Barracks |
| 14:59 | EL OG · age_up feudal |
| 15:36 | Rasputitsa · age_up feudal |
| 17:33 | Stoskraw · first_building Archery Range |
| 17:37 | EL OG · first_building Stable |
| 19:58 | Rasputitsa · age_up castle |
| 20:23 | Rasputitsa · first_building Castle |
| 20:34 | Rasputitsa · first_market_buy 100 stone |
| 21:41 | Stoskraw · first_building Stable |
| 22:44 | Stoskraw · first_market_buy 100 wood |
| 24:46 | fernando · first_building Barracks |
| 25:19 | Rasputitsa · first_market_sell 100 wood |
| 25:33 | fernando · age_up castle |
| 25:48 | fernando · first_building Stable |
[ AI ANALYSIS · 1 CREDIT ]
What really happened in this match?
Wolo.gg analyzes every decision: build order, eco, micro, common mistakes by bracket. Personalized analysis on WhatsApp or Discord in 30 seconds.
Civ guide
Burgundians
Perfil
Jugador #22256313